Goals | Penalties |
1. Eagles , Alexander Alexeyev 3 (Ross Johnston 11) at 18:28
|
Brandon Coe (BNG) for Slashing (Minor) at 2:44 Alec Regula (BNG) for Slashing (Minor) at 5:16 Ross Johnston (COL) for Holding (Minor) at 8:17
|
2. Eagles , Carl Grundstrom 13 (Thomas Bordeleau 11, Lucas Johansen 4) at 19:26
|
Michael Kesselring (BNG) for Hooking (Minor) at 3:55 Jack Studnicka (COL) for Roughing (Minor) at 9:58
|
3. Devils , Rafael Harvey Pinard 6 (Kaedan Korczak 8, Mark Kastelic 10) at 9:51
|
Thomas Bordeleau (COL) for Goalie Interference (Minor) at 15:06
|
|
Louis Domingue (BNG), 22 saves from 24 shots - (0,917), L, 10-8-1, 59:23 minutes
Magnus Chrona (COL), 17 saves from 18 shots - (0,944), W, 15-2-1, 60:00 minutes
|
|
1 - Alexander Alexeyev (COL)
2 - Carl Grundstrom (COL)
3 - Mark Kastelic (BNG)
|
Referees : TJ Luxmore and Cameron Voss
Linesman : Trent Knorr and Bryan Pancich
|
|
No Game Note
|
Team Name |
Goals |
Shots |
Shots Attemp |
Shots Blocked |
PIM |
HIT |
PP |
PK |
FO% |
Devils |
1 | 18 | 38 | 7 | 6 | 22 | 0 / 3 (0%) | 0 | 45% |
Eagles |
2 | 24 | 45 | 6 | 6 | 25 | 0 / 3 (0%) | 0 | 55% |
Devils
Player Name |
POS |
G |
A |
P |
+/- |
PIM |
HIT |
SHT |
SB |
MP |
PP MP |
PP SHT |
PK MP |
PK SHT |
FO% |
FOT |
Adam Klapka | RW | 0 | 0 | 0 | -2 | 0 | 2 | 3 | 0 | 12:36 | 0:00 | 0 | 0:00 | 0 | 0% |
0 |
Alec Regula | D | 0 | 0 | 0 | 0 | 2 | 1 | 0 | 1 | 16:05 | 0:00 | 0 | 0:51 | 0 | 0% |
0 |
Ben King | C | 0 | 0 | 0 | -2 | 0 | 0 | 0 | 0 | 14:11 | 0:00 | 0 | 0:39 | 0 | 64% |
11 |
Brandon Coe | C/LW/RW | 0 | 0 | 0 | 0 | 2 | 0 | 0 | 0 | 3:44 | 0:00 | 0 | 0:00 | 0 | 0% |
0 |
Caedan Bankier | C | 0 | 0 | 0 | 0 | 0 | 0 | 1 | 1 | 4:48 | 0:00 | 0 | 0:07 | 0 | 0% |
1 |
Carter Mazur | LW/RW | 0 | 0 | 0 | 0 | 0 | 2 | 1 | 0 | 18:36 | 3:23 | 0 | 0:00 | 0 | 100% |
1 |
Garrett Pilon | LW/RW | 0 | 0 | 0 | 1 | 0 | 0 | 3 | 0 | 20:27 | 2:34 | 0 | 2:17 | 0 | 20% |
5 |
Kaedan Korczak | D | 0 | 1 | 1 | 0 | 0 | 0 | 0 | 0 | 21:22 | 2:23 | 0 | 3:01 | 0 | 0% |
0 |
Marco Kasper | C | 0 | 0 | 0 | 0 | 0 | 2 | 0 | 0 | 20:24 | 3:23 | 0 | 1:48 | 0 | 44% |
18 |
Mark Kastelic | C | 0 | 1 | 1 | 1 | 0 | 6 | 0 | 1 | 21:40 | 2:34 | 0 | 3:30 | 0 | 48% |
29 |
Michael Kesselring | D | 0 | 0 | 0 | -1 | 2 | 2 | 2 | 0 | 22:24 | 3:34 | 1 | 1:58 | 0 | 0% |
0 |
Otto Koivula | C/LW/RW | 0 | 0 | 0 | -2 | 0 | 0 | 0 | 0 | 13:49 | 0:00 | 0 | 0:17 | 0 | 0% |
0 |
Parker Wotherspoon | D | 0 | 0 | 0 | -1 | 0 | 5 | 1 | 1 | 22:31 | 3:34 | 0 | 2:04 | 0 | 0% |
0 |
Pavol Regenda | LW | 0 | 0 | 0 | 0 | 0 | 1 | 1 | 0 | 18:36 | 3:23 | 0 | 0:00 | 0 | 0% |
0 |
Rafael Harvey Pinard | LW | 1 | 0 | 1 | 1 | 0 | 0 | 5 | 1 | 21:40 | 2:34 | 1 | 3:30 | 1 | 0% |
2 |
Ryan Suzuki | C | 0 | 0 | 0 | 0 | 0 | 0 | 0 | 0 | 3:45 | 0:00 | 0 | 0:00 | 0 | 0% |
2 |
Santeri Hatakka | D | 0 | 0 | 0 | 0 | 0 | 0 | 1 | 0 | 21:22 | 2:23 | 1 | 3:01 | 0 | 0% |
0 |
Vincent Iorio | D | 0 | 0 | 0 | 0 | 0 | 1 | 0 | 2 | 16:00 | 0:00 | 0 | 0:45 | 0 | 0% |
0 |
Eagles
Player Name |
POS |
G |
A |
P |
+/- |
PIM |
HIT |
SHT |
SB |
MP |
PP MP |
PP SHT |
PK MP |
PK SHT |
FO% |
FOT |
Alexander Alexeyev | D | 1 | 0 | 1 | 1 | 0 | 3 | 3 | 1 | 19:43 | 2:44 | 2 | 3:46 | 0 | 0% |
0 |
Arshdeep Bains | LW | 0 | 0 | 0 | -1 | 0 | 2 | 3 | 0 | 18:01 | 2:49 | 0 | 0:00 | 0 | 0% |
3 |
Calle Rosen | D | 0 | 0 | 0 | 0 | 0 | 1 | 0 | 0 | 21:08 | 3:13 | 0 | 2:08 | 0 | 0% |
0 |
Carl Grundstrom | RW | 1 | 0 | 1 | 2 | 0 | 0 | 3 | 1 | 23:36 | 3:08 | 2 | 2:51 | 0 | 40% |
5 |
Danila Klimovich | LW/RW | 0 | 0 | 0 | -1 | 0 | 1 | 2 | 0 | 17:50 | 2:38 | 0 | 0:00 | 0 | 0% |
0 |
Dmitri Samorukov | D | 0 | 0 | 0 | 0 | 0 | 0 | 0 | 0 | 6:17 | 0:00 | 0 | 0:00 | 0 | 0% |
0 |
Emil Lilleberg | D | 0 | 0 | 0 | 0 | 0 | 2 | 0 | 0 | 21:08 | 3:13 | 0 | 2:08 | 0 | 0% |
0 |
Georgii Merkulov | C | 0 | 0 | 0 | -1 | 0 | 1 | 3 | 0 | 20:35 | 2:49 | 0 | 2:34 | 0 | 60% |
20 |
Jack Studnicka | C | 0 | 0 | 0 | 0 | 2 | 1 | 2 | 0 | 17:28 | 0:00 | 0 | 2:12 | 0 | 64% |
14 |
Joseph Duszak | D | 0 | 0 | 0 | 0 | 0 | 2 | 0 | 1 | 12:52 | 0:00 | 0 | 0:03 | 0 | 0% |
0 |
Lucas Johansen | D | 0 | 1 | 1 | 0 | 0 | 0 | 0 | 1 | 12:49 | 0:00 | 0 | 0:00 | 0 | 0% |
0 |
Mikael Pyyhtia | LW | 0 | 0 | 0 | 0 | 0 | 3 | 2 | 0 | 14:35 | 0:00 | 0 | 0:00 | 0 | 100% |
1 |
Nick Cicek | D | 0 | 0 | 0 | 0 | 0 | 1 | 0 | 0 | 6:20 | 0:00 | 0 | 0:03 | 0 | 0% |
0 |
Oskar Steen | C | 0 | 0 | 0 | 0 | 0 | 0 | 0 | 0 | 1:06 | 0:11 | 0 | 0:13 | 0 | 0% |
0 |
Rasmus Asplund | C | 0 | 0 | 0 | 0 | 0 | 1 | 1 | 0 | 15:22 | 0:00 | 0 | 0:00 | 0 | 0% |
1 |
Ross Johnston | LW | 0 | 1 | 1 | 2 | 2 | 1 | 2 | 0 | 21:58 | 3:08 | 0 | 2:01 | 0 | 100% |
2 |
Samuel Fagemo | LW | 0 | 0 | 0 | 0 | 0 | 0 | 0 | 0 | 0:47 | 0:00 | 0 | 0:00 | 0 | 0% |
0 |
Simon Edvinsson | D | 0 | 0 | 0 | 1 | 0 | 5 | 2 | 1 | 19:43 | 2:44 | 2 | 3:46 | 0 | 0% |
0 |
Taro Hirose | C/LW | 0 | 0 | 0 | 0 | 0 | 0 | 0 | 0 | 1:17 | 0:00 | 0 | 0:35 | 0 | 0% |
0 |
Thomas Bordeleau | C | 0 | 1 | 1 | 2 | 2 | 1 | 1 | 1 | 21:25 | 3:08 | 0 | 1:28 | 0 | 52% |
23 |
Devils
5 vs 5 Forward |
---|
Line # | Left Wing | Center | Right Wing | PHY | DF | OF | Wanted % | Time % | Time Play |
1 | Rafael Harvey Pinard | Mark Kastelic | Garrett Pilon | 1 | 2 | 2 | 34 | 33% | 15:36
|
2 | Pavol Regenda | Marco Kasper | Carter Mazur | 1 | 2 | 2 | 33 | 32% | 15:13
|
3 | Otto Koivula | Ben King | Adam Klapka | 1 | 2 | 2 | 24 | 27% | 12:36
|
4 | Brandon Coe | Ryan Suzuki | Caedan Bankier | 1 | 2 | 2 | 9 | 8% | 3:45
|
5 vs 5 Defense |
---|
Line # | Defense | Defense | | PHY | DF | OF | Wanted % | Time % | Time Play |
1 | Parker Wotherspoon | Michael Kesselring | | 1 | 2 | 2 | 34 | 34% | 15:57
|
2 | Kaedan Korczak | Santeri Hatakka | | 1 | 2 | 2 | 33 | 34% | 15:58
|
3 | Vincent Iorio | Alec Regula | | 1 | 2 | 2 | 24 | 26% | 12:15
|
4 | Alec Regula | Vincent Iorio | | 1 | 2 | 2 | 9 | 6% | 3:00
|
Power Play Forward |
---|
Line # | Left Wing | Center | Right Wing | PHY | DF | OF | Wanted % | Time % | Time Play |
1 | Rafael Harvey Pinard | Mark Kastelic | Garrett Pilon | 1 | 2 | 2 | 55 | 43% | 2:34
|
2 | Pavol Regenda | Marco Kasper | Carter Mazur | 1 | 2 | 2 | 45 | 57% | 3:23
|
Power Play Defense |
---|
Line # | Defense | Defense | | PHY | DF | OF | Wanted % | Time % | Time Play |
1 | Parker Wotherspoon | Michael Kesselring | | 1 | 2 | 2 | 55 | 60% | 3:34
|
2 | Kaedan Korczak | Santeri Hatakka | | 1 | 2 | 2 | 45 | 40% | 2:23
|
Penalty Kill 4 Players Forward |
---|
Line # | Center | Wing | PHY | DF | OF | Wanted % | Time % | Time Play |
1 | Mark Kastelic | Rafael Harvey Pinard | 1 | 2 | 2 | 55 | 62% | 3:40
|
2 | Garrett Pilon | Marco Kasper | 1 | 2 | 2 | 45 | 38% | 2:17
|
Penalty Kill 4 Players Defense |
---|
Line # | Defense | Defense | PHY | DF | OF | Wanted % | Time % | Time Play |
1 | Parker Wotherspoon | Michael Kesselring | 1 | 2 | 2 | 55 | 37% | 2:11
|
2 | Kaedan Korczak | Santeri Hatakka | 1 | 2 | 2 | 45 | 63% | 3:46
|
Penalty Kill 3 Players |
---|
Line # | Wing | PHY | DF | OF | Wanted % | Time % | Time Play | Defense | Defense | PHY | DF | OF | Wanted % | Time % | Time Play |
1 | Mark Kastelic | 1 | 2 | 2 | 55 | 0% | 0:00
| Parker Wotherspoon | Michael Kesselring | 1 | 2 | 2 | 55 | 0% | 0:00
|
2 | Marco Kasper | 1 | 2 | 2 | 45 | 0% | 0:00
| Kaedan Korczak | Santeri Hatakka | 1 | 2 | 2 | 45 | 0% | 0:00
|
4 vs 4 Forward |
---|
Line # | Center | Wing | PHY | DF | OF | Wanted % | Time % | Time Play |
1 | Mark Kastelic | Adam Klapka | 1 | 2 | 2 | 55 | 0% | 0:00
|
2 | Garrett Pilon | Marco Kasper | 1 | 2 | 2 | 45 | 0% | 0:00
|
4 vs 4 Defense |
---|
Line # | Defense | | PHY | DF | OF | Wanted % | Time % | Time Play |
1 | Parker Wotherspoon | Michael Kesselring | 1 | 2 | 2 | 55 | 0% | 0:00
|
2 | Kaedan Korczak | Santeri Hatakka | 1 | 2 | 2 | 45 | 0% | 0:00
|
Last Minutes Offensive |
---|
Left Wing | Center | Right Wing | Defense | Defense |
Rafael Harvey Pinard | Mark Kastelic | Garrett Pilon | Parker Wotherspoon | Michael Kesselring |
Last Minutes Defensive |
---|
Left Wing | Center | Right Wing | Defense | Defense |
Rafael Harvey Pinard | Mark Kastelic | Garrett Pilon | Parker Wotherspoon | Michael Kesselring |
Time |
---|
Total Forward | Total Defense | Last Minutes Offensive | Last Minutes Defensive |
60:00 |
60:00 |
0:56 | 0:00 |
Extra Forwards |
---|
Normal | PowerPlay | Penalty Kill |
Caedan Bankier, Otto Koivula, Ben King | Caedan Bankier, Pavol Regenda | Ben King |
Extra Defensemen |
---|
Normal | PowerPlay | Penalty Kill |
Vincent Iorio, Kaedan Korczak, Alec Regula | Vincent Iorio, Kaedan Korczak | Alec Regula |
Penalty Shots |
---|
Mark Kastelic, Rafael Harvey Pinard, Garrett Pilon, Marco Kasper, Pavol Regenda |
Goalie |
---|
Louis Domingue, Ken Appleby |
Scratches |
---|
Antonio Stranges (Healthy), Brendan Perlini (Healthy), Brett Harrison (Healthy), Cole McWard (Healthy), Josh Bloom (Healthy)
Hudson Elynuik (Healthy), Matt Filipe (Healthy), Tyson Kozak (Healthy), Sam Lipkin (Healthy), Tyson Hinds (Healthy)
Keith Petruzzelli (Healthy) |
Eagles
5 vs 5 Forward |
---|
Line # | Left Wing | Center | Right Wing | PHY | DF | OF | Wanted % | Time % | Time Play |
1 | Ross Johnston | Thomas Bordeleau | Carl Grundstrom | 1 | 2 | 2 | 34 | 36% | 16:50
|
2 | Arshdeep Bains | Georgii Merkulov | Danila Klimovich | 1 | 2 | 2 | 33 | 32% | 15:12
|
3 | Mikael Pyyhtia | Jack Studnicka | Rasmus Asplund | 1 | 2 | 2 | 24 | 31% | 14:35
|
4 | Samuel Fagemo | Rasmus Asplund | Carl Grundstrom | 1 | 2 | 2 | 9 | 2% | 0:47
|
5 vs 5 Defense |
---|
Line # | Defense | Defense | | PHY | DF | OF | Wanted % | Time % | Time Play |
1 | Emil Lilleberg | Calle Rosen | | 1 | 2 | 2 | 34 | 33% | 15:47
|
2 | Simon Edvinsson | Alexander Alexeyev | | 1 | 2 | 2 | 33 | 28% | 13:13
|
3 | Lucas Johansen | Joseph Duszak | | 1 | 2 | 2 | 24 | 26% | 12:07
|
4 | Nick Cicek | Dmitri Samorukov | | 1 | 2 | 2 | 9 | 13% | 6:17
|
Power Play Forward |
---|
Line # | Left Wing | Center | Right Wing | PHY | DF | OF | Wanted % | Time % | Time Play |
1 | Ross Johnston | Thomas Bordeleau | Carl Grundstrom | 1 | 2 | 2 | 55 | 53% | 3:08
|
2 | Arshdeep Bains | Georgii Merkulov | Danila Klimovich | 1 | 2 | 2 | 45 | 47% | 2:49
|
Power Play Defense |
---|
Line # | Defense | Defense | | PHY | DF | OF | Wanted % | Time % | Time Play |
1 | Emil Lilleberg | Calle Rosen | | 1 | 2 | 2 | 55 | 54% | 3:13
|
2 | Simon Edvinsson | Alexander Alexeyev | | 1 | 2 | 2 | 45 | 46% | 2:44
|
Penalty Kill 4 Players Forward |
---|
Line # | Center | Wing | PHY | DF | OF | Wanted % | Time % | Time Play |
1 | Carl Grundstrom | Ross Johnston | 1 | 2 | 2 | 55 | 57% | 3:23
|
2 | Thomas Bordeleau | Georgii Merkulov | 1 | 2 | 2 | 45 | 43% | 2:34
|
Penalty Kill 4 Players Defense |
---|
Line # | Defense | Defense | PHY | DF | OF | Wanted % | Time % | Time Play |
1 | Emil Lilleberg | Calle Rosen | 1 | 2 | 2 | 55 | 37% | 2:11
|
2 | Simon Edvinsson | Alexander Alexeyev | 1 | 2 | 2 | 45 | 63% | 3:46
|
Penalty Kill 3 Players |
---|
Line # | Wing | PHY | DF | OF | Wanted % | Time % | Time Play | Defense | Defense | PHY | DF | OF | Wanted % | Time % | Time Play |
1 | Carl Grundstrom | 1 | 2 | 2 | 55 | 0% | 0:00
| Emil Lilleberg | Calle Rosen | 1 | 2 | 2 | 55 | 0% | 0:00
|
2 | Ross Johnston | 1 | 2 | 2 | 45 | 0% | 0:00
| Simon Edvinsson | Alexander Alexeyev | 1 | 2 | 2 | 45 | 0% | 0:00
|
4 vs 4 Forward |
---|
Line # | Center | Wing | PHY | DF | OF | Wanted % | Time % | Time Play |
1 | Carl Grundstrom | Ross Johnston | 1 | 2 | 2 | 55 | 0% | 0:00
|
2 | Thomas Bordeleau | Georgii Merkulov | 1 | 2 | 2 | 45 | 0% | 0:00
|
4 vs 4 Defense |
---|
Line # | Defense | | PHY | DF | OF | Wanted % | Time % | Time Play |
1 | Emil Lilleberg | Calle Rosen | 1 | 2 | 2 | 55 | 0% | 0:00
|
2 | Simon Edvinsson | Alexander Alexeyev | 1 | 2 | 2 | 45 | 0% | 0:00
|
Last Minutes Offensive |
---|
Left Wing | Center | Right Wing | Defense | Defense |
Ross Johnston | Thomas Bordeleau | Carl Grundstrom | Emil Lilleberg | Calle Rosen |
Last Minutes Defensive |
---|
Left Wing | Center | Right Wing | Defense | Defense |
Ross Johnston | Thomas Bordeleau | Carl Grundstrom | Emil Lilleberg | Calle Rosen |
Time |
---|
Total Forward | Total Defense | Last Minutes Offensive | Last Minutes Defensive |
60:00 |
60:00 |
0:00 | 0:42 |
Extra Forwards |
---|
Normal | PowerPlay | Penalty Kill |
Oskar Steen, Taro Hirose, Jack Studnicka | Oskar Steen, Taro Hirose | Jack Studnicka |
Extra Defensemen |
---|
Normal | PowerPlay | Penalty Kill |
Lucas Johansen, Joseph Duszak, Nick Cicek | Lucas Johansen, Joseph Duszak | Nick Cicek |
Penalty Shots |
---|
Carl Grundstrom, Ross Johnston, Thomas Bordeleau, Georgii Merkulov, Jack Studnicka |
Goalie |
---|
Magnus Chrona, Strauss Mann |
Scratches |
---|
David Spacek (Healthy), Ilya Usau (Healthy), Filip Bystedt (Healthy), Fraser Minten (Healthy), Gannon Laroque (Healthy)
Nikolai Kovalenko (Healthy), Ryan Hofer (Healthy), Timur Ibragimov (Healthy), Victor Mancini (Healthy), William Wallinder (Healthy) |
Play-by-Play
1st period
0:01 of 1st period - Mark Kastelic wins face-off versus Thomas Bordeleau in neutral zone.
0:07 of 1st period - Rafael Harvey Pinard is hit by Calle Rosen and loses puck.
0:18 of 1st period - Shot by Garrett Pilon.
0:18 of 1st period - Shot Misses the Net.
2:44 of 1st period - Minor Penalty to Brandon Coe for Slashing.
2:45 of 1st period - Mark Kastelic wins face-off versus Thomas Bordeleau in Devils zone.
3:17 of 1st period - Shot by Carl Grundstrom.
3:17 of 1st period - Stopped by Louis Domingue without a rebound.
3:18 of 1st period - Georgii Merkulov wins face-off versus Mark Kastelic in Devils zone.
3:29 of 1st period - Shot by Alexander Alexeyev.
3:29 of 1st period - Shot Misses the Net.
3:31 of 1st period - Shot by Alexander Alexeyev.
3:31 of 1st period - Shot Blocked by Rafael Harvey Pinard.
4:26 of 1st period - Shot by Thomas Bordeleau.
4:26 of 1st period - Deflect By Carl Grundstrom.
4:26 of 1st period - Stopped by Louis Domingue without a rebound.
4:27 of 1st period - Thomas Bordeleau wins face-off versus Garrett Pilon in Devils zone.
5:15 of 1st period - Mikael Pyyhtia is hit by Vincent Iorio and loses puck.
5:16 of 1st period - Minor Penalty to Alec Regula for Slashing.
5:17 of 1st period - Georgii Merkulov wins face-off versus Mark Kastelic in Devils zone.
5:30 of 1st period - Shot by Simon Edvinsson.
5:30 of 1st period - Stopped by Louis Domingue without a rebound.
5:31 of 1st period - Mark Kastelic wins face-off versus Thomas Bordeleau in Devils zone.
5:39 of 1st period - Icing by Thomas Bordeleau.
5:40 of 1st period - Mark Kastelic wins face-off versus Thomas Bordeleau in Eagles zone.
6:43 of 1st period - Shot by Simon Edvinsson.
6:43 of 1st period - Shot Misses the Net.
6:45 of 1st period - Shot by Simon Edvinsson.
6:45 of 1st period - Stopped by Louis Domingue without a rebound.
6:46 of 1st period - Georgii Merkulov wins face-off versus Rafael Harvey Pinard in Devils zone.
6:59 of 1st period - Shot by Alexander Alexeyev.
6:59 of 1st period - Stopped by Louis Domingue without a rebound.
7:00 of 1st period - Georgii Merkulov wins face-off versus Garrett Pilon in Devils zone.
7:01 of 1st period - Shot by Simon Edvinsson.
7:01 of 1st period - Shot Misses the Net.
7:45 of 1st period - Shot by Jack Studnicka.
7:45 of 1st period - Stopped by Louis Domingue without a rebound.
7:46 of 1st period - Thomas Bordeleau wins face-off versus Mark Kastelic in Devils zone.
8:01 of 1st period - Carl Grundstrom is hit by Mark Kastelic and loses puck.
8:17 of 1st period - Minor Penalty to Ross Johnston for Holding.
8:18 of 1st period - Carl Grundstrom wins face-off versus Marco Kasper in Eagles zone.
9:56 of 1st period - Shot by Michael Kesselring.
9:56 of 1st period - Shot Misses the Net.
10:34 of 1st period - Icing by Alec Regula.
10:35 of 1st period - Ben King wins face-off versus Jack Studnicka in Devils zone.
10:35 of 1st period - Ben King is hit by Mikael Pyyhtia.
10:46 of 1st period - Mikael Pyyhtia is hit by Adam Klapka and loses puck.
11:08 of 1st period - Alec Regula is hit by Mikael Pyyhtia.
11:20 of 1st period - Shot by Mark Kastelic.
11:20 of 1st period - Shot Blocked by Joseph Duszak.
11:22 of 1st period - Shot by Santeri Hatakka.
11:22 of 1st period - Shot Blocked by Lucas Johansen.
11:33 of 1st period - Off-side.
11:34 of 1st period - Georgii Merkulov wins face-off versus Ryan Suzuki in neutral zone.
11:47 of 1st period - Shot by Parker Wotherspoon.
11:47 of 1st period - Stopped by Magnus Chrona with a rebound.
11:49 of 1st period - Shot by Brandon Coe.
11:49 of 1st period - Deflect By Caedan Bankier.
11:49 of 1st period - Stopped by Magnus Chrona without a rebound.
11:50 of 1st period - Carter Mazur wins face-off versus Thomas Bordeleau in Eagles zone.
11:50 of 1st period - Marco Kasper is hit by Alexander Alexeyev and loses puck.
12:27 of 1st period - Shot by Ross Johnston.
12:27 of 1st period - Shot Misses the Net.
13:12 of 1st period - Arshdeep Bains is hit by Parker Wotherspoon and loses puck.
13:32 of 1st period - Icing by Michael Kesselring.
13:33 of 1st period - Mark Kastelic wins face-off versus Rasmus Asplund in Devils zone.
13:33 of 1st period - Mark Kastelic is hit by Rasmus Asplund.
13:42 of 1st period - Joseph Duszak is hit by Parker Wotherspoon and loses puck.
14:40 of 1st period - Shot by Arshdeep Bains.
14:40 of 1st period - Stopped by Louis Domingue without a rebound.
14:41 of 1st period - Jack Studnicka wins face-off versus Marco Kasper in Devils zone.
15:18 of 1st period - Carter Mazur is hit by Jack Studnicka and loses puck.
16:34 of 1st period - Shot by Dmitri Samorukov.
16:34 of 1st period - Shot Misses the Net.
16:36 of 1st period - Shot by Georgii Merkulov.
16:36 of 1st period - Stopped by Louis Domingue without a rebound.
16:37 of 1st period - Georgii Merkulov wins face-off versus Mark Kastelic in Devils zone.
16:37 of 1st period - Georgii Merkulov is hit by Michael Kesselring.
16:52 of 1st period - Shot by Georgii Merkulov.
16:52 of 1st period - Shot Blocked by Parker Wotherspoon.
17:11 of 1st period - Danila Klimovich is hit by Mark Kastelic and loses puck.
18:26 of 1st period - Shot by Ross Johnston.
18:26 of 1st period - Shot Misses the Net.
18:28 of 1st period - Shot by Alexander Alexeyev.
18:28 of 1st period - Goal by Alexander Alexeyev - Devils : 0 - Eagles : 1.
18:29 of 1st period - Mark Kastelic wins face-off versus Thomas Bordeleau in neutral zone.
19:00 of 1st period - Mark Kastelic is hit by Thomas Bordeleau and loses puck.
19:10 of 1st period - Icing by Rafael Harvey Pinard.
19:11 of 1st period - Jack Studnicka wins face-off versus Mark Kastelic in Devils zone.
19:31 of 1st period - Icing by Alec Regula.
19:32 of 1st period - Georgii Merkulov wins face-off versus Mark Kastelic in Devils zone.
19:39 of 1st period - Shot by Georgii Merkulov.
19:39 of 1st period - Shot Hit the Post.
19:41 of 1st period - Shot by Emil Lilleberg.
19:41 of 1st period - Shot Misses the Net.
19:55 of 1st period - Shot by Danila Klimovich.
19:55 of 1st period - Stopped by Louis Domingue without a rebound.
19:56 of 1st period - Marco Kasper wins face-off versus Jack Studnicka in Devils zone.
Goals for this period are 0 for Devils vs 1 for Eagles.
Shots for this period are 2 for Devils vs 10 for Eagles.
2nd period
0:01 of 2nd period - Thomas Bordeleau wins face-off versus Marco Kasper in neutral zone.
0:37 of 2nd period - Shot by Carter Mazur.
0:37 of 2nd period - Shot Blocked by Carl Grundstrom.
0:39 of 2nd period - Shot by Michael Kesselring.
0:39 of 2nd period - Stopped by Magnus Chrona without a rebound.
0:40 of 2nd period - Mark Kastelic wins face-off versus Georgii Merkulov in Eagles zone.
0:51 of 2nd period - Shot by Rafael Harvey Pinard.
0:51 of 2nd period - Shot Misses the Net.
0:53 of 2nd period - Shot by Garrett Pilon.
0:53 of 2nd period - Stopped by Magnus Chrona with a rebound.
1:05 of 2nd period - Shot by Garrett Pilon.
1:05 of 2nd period - Shot Misses the Net.
1:18 of 2nd period - Shot by Garrett Pilon.
1:18 of 2nd period - Stopped by Magnus Chrona with a rebound.
1:20 of 2nd period - Shot by Mark Kastelic.
1:20 of 2nd period - Shot Misses the Net.
2:15 of 2nd period - Shot by Mikael Pyyhtia.
2:15 of 2nd period - Stopped by Louis Domingue without a rebound.
2:16 of 2nd period - Marco Kasper wins face-off versus Thomas Bordeleau in Devils zone.
2:38 of 2nd period - Thomas Bordeleau is hit by Pavol Regenda and loses puck.
2:44 of 2nd period - Alexander Alexeyev is hit by Michael Kesselring and loses puck.
3:30 of 2nd period - Mikael Pyyhtia is hit by Parker Wotherspoon and loses puck.
3:50 of 2nd period - Joseph Duszak is hit by Parker Wotherspoon.
3:55 of 2nd period - Minor Penalty to Michael Kesselring for Hooking.
3:56 of 2nd period - Georgii Merkulov wins face-off versus Mark Kastelic in Devils zone.
4:50 of 2nd period - Shot by Alexander Alexeyev.
4:50 of 2nd period - Stopped by Louis Domingue with a rebound.
5:12 of 2nd period - Thomas Bordeleau is hit by Mark Kastelic and loses puck.
5:21 of 2nd period - Shot by Rafael Harvey Pinard.
5:21 of 2nd period - Stopped by Magnus Chrona with a rebound.
5:23 of 2nd period - Shot by Mark Kastelic.
5:23 of 2nd period - Shot Blocked by Thomas Bordeleau.
5:48 of 2nd period - Off-side.
5:49 of 2nd period - Georgii Merkulov wins face-off versus Garrett Pilon in neutral zone.
7:04 of 2nd period - Shot by Arshdeep Bains.
7:04 of 2nd period - Shot Misses the Net.
7:06 of 2nd period - Shot by Arshdeep Bains.
7:06 of 2nd period - Stopped by Louis Domingue without a rebound.
7:07 of 2nd period - Thomas Bordeleau wins face-off versus Marco Kasper in Devils zone.
7:07 of 2nd period - Thomas Bordeleau is hit by Parker Wotherspoon.
7:29 of 2nd period - Shot by Ross Johnston.
7:29 of 2nd period - Stopped by Louis Domingue without a rebound.
7:30 of 2nd period - Mikael Pyyhtia wins face-off versus Mark Kastelic in Devils zone.
7:40 of 2nd period - Off-side.
7:41 of 2nd period - Thomas Bordeleau wins face-off versus Ben King in neutral zone.
7:45 of 2nd period - Off-side.
7:46 of 2nd period - Thomas Bordeleau wins face-off versus Mark Kastelic in neutral zone.
8:37 of 2nd period - Shot by Pavol Regenda.
8:37 of 2nd period - Stopped by Magnus Chrona without a rebound.
8:38 of 2nd period - Marco Kasper wins face-off versus Georgii Merkulov in Eagles zone.
8:42 of 2nd period - Icing by Arshdeep Bains.
8:43 of 2nd period - Marco Kasper wins face-off versus Arshdeep Bains in Eagles zone.
8:52 of 2nd period - Calle Rosen is hit by Carter Mazur and loses puck.
9:24 of 2nd period - Icing by Emil Lilleberg.
9:25 of 2nd period - Mark Kastelic wins face-off versus Georgii Merkulov in Eagles zone.
9:54 of 2nd period - Shot by Thomas Bordeleau.
9:54 of 2nd period - Stopped by Louis Domingue without a rebound.
9:55 of 2nd period - Ben King wins face-off versus Jack Studnicka in Devils zone.
9:57 of 2nd period - Adam Klapka is hit by Mikael Pyyhtia and loses puck.
9:58 of 2nd period - Minor Penalty to Jack Studnicka for Roughing.
9:59 of 2nd period - Marco Kasper wins face-off versus Carl Grundstrom in Eagles zone.
9:59 of 2nd period - Marco Kasper is hit by Simon Edvinsson.
10:01 of 2nd period - Shot by Santeri Hatakka.
10:01 of 2nd period - Stopped by Magnus Chrona without a rebound.
10:02 of 2nd period - Ross Johnston wins face-off versus Rafael Harvey Pinard in Eagles zone.
10:02 of 2nd period - Ross Johnston is hit by Mark Kastelic.
10:20 of 2nd period - Shot by Michael Kesselring.
10:20 of 2nd period - Stopped by Magnus Chrona with a rebound.
10:22 of 2nd period - Shot by Garrett Pilon.
10:22 of 2nd period - Shot Hit the Post.
10:32 of 2nd period - Shot by Garrett Pilon.
10:32 of 2nd period - Shot Blocked by Alexander Alexeyev.
10:34 of 2nd period - Shot by Michael Kesselring.
10:34 of 2nd period - Shot Blocked by Simon Edvinsson.
10:36 of 2nd period - Shot by Rafael Harvey Pinard.
10:36 of 2nd period - Stopped by Magnus Chrona without a rebound.
10:37 of 2nd period - Thomas Bordeleau wins face-off versus Marco Kasper in Eagles zone.
11:22 of 2nd period - Carl Grundstrom is hit by Marco Kasper and loses puck.
11:33 of 2nd period - Shot by Michael Kesselring.
11:33 of 2nd period - Shot Misses the Net.
12:13 of 2nd period - Shot by Otto Koivula.
12:13 of 2nd period - Shot Misses the Net.
13:13 of 2nd period - Off-side.
13:14 of 2nd period - Mark Kastelic wins face-off versus Thomas Bordeleau in neutral zone.
13:19 of 2nd period - Shot by Garrett Pilon.
13:19 of 2nd period - Shot Misses the Net.
13:21 of 2nd period - Shot by Kaedan Korczak.
13:21 of 2nd period - Shot Misses the Net.
14:10 of 2nd period - Michael Kesselring is hit by Alexander Alexeyev and loses puck.
14:14 of 2nd period - Pavol Regenda is hit by Alexander Alexeyev and loses puck.
14:20 of 2nd period - Marco Kasper is hit by Simon Edvinsson and loses puck.
14:35 of 2nd period - Shot by Carter Mazur.
14:35 of 2nd period - Stopped by Magnus Chrona without a rebound.
14:36 of 2nd period - Georgii Merkulov wins face-off versus Ryan Suzuki in Eagles zone.
14:50 of 2nd period - Shot by Danila Klimovich.
14:50 of 2nd period - Shot Misses the Net.
14:58 of 2nd period - Shot by Arshdeep Bains.
14:58 of 2nd period - Shot Misses the Net.
15:00 of 2nd period - Shot by Danila Klimovich.
15:00 of 2nd period - Shot Blocked by Caedan Bankier.
15:02 of 2nd period - Shot by Georgii Merkulov.
15:02 of 2nd period - Stopped by Louis Domingue without a rebound.
15:03 of 2nd period - Jack Studnicka wins face-off versus Mark Kastelic in Devils zone.
16:12 of 2nd period - Danila Klimovich is hit by Alec Regula and loses puck.
16:15 of 2nd period - Shot by Arshdeep Bains.
16:15 of 2nd period - Shot Blocked by Vincent Iorio.
16:54 of 2nd period - Carter Mazur is hit by Nick Cicek.
17:29 of 2nd period - Shot by Jack Studnicka.
17:29 of 2nd period - Stopped by Louis Domingue without a rebound.
17:30 of 2nd period - Mark Kastelic wins face-off versus Georgii Merkulov in Devils zone.
17:51 of 2nd period - Parker Wotherspoon is hit by Arshdeep Bains and loses puck.
18:15 of 2nd period - Michael Kesselring is hit by Danila Klimovich and loses puck.
18:25 of 2nd period - Off-side.
18:26 of 2nd period - Jack Studnicka wins face-off versus Ben King in neutral zone.
18:45 of 2nd period - Rasmus Asplund is hit by Adam Klapka and loses puck.
19:04 of 2nd period - Shot by Rasmus Asplund.
19:04 of 2nd period - Shot Misses the Net.
19:26 of 2nd period - Shot by Carl Grundstrom.
19:26 of 2nd period - Goal by Carl Grundstrom - Devils : 0 - Eagles : 2.
19:27 of 2nd period - Thomas Bordeleau wins face-off versus Marco Kasper in neutral zone.
Goals for this period are 0 for Devils vs 1 for Eagles.
Shots for this period are 9 for Devils vs 8 for Eagles.
3rd period
0:01 of 3rd period - Georgii Merkulov wins face-off versus Garrett Pilon in neutral zone.
0:06 of 3rd period - Shot by Arshdeep Bains.
0:06 of 3rd period - Shot Blocked by Mark Kastelic.
0:08 of 3rd period - Shot by Georgii Merkulov.
0:08 of 3rd period - Stopped by Louis Domingue without a rebound.
0:09 of 3rd period - Thomas Bordeleau wins face-off versus Marco Kasper in Devils zone.
0:15 of 3rd period - Icing by Parker Wotherspoon.
0:16 of 3rd period - Marco Kasper wins face-off versus Arshdeep Bains in Devils zone.
1:12 of 3rd period - Icing by Georgii Merkulov.
1:13 of 3rd period - Ben King wins face-off versus Georgii Merkulov in Eagles zone.
2:03 of 3rd period - Simon Edvinsson is hit by Mark Kastelic and loses puck.
2:55 of 3rd period - Shot by Michael Kesselring.
2:55 of 3rd period - Shot Misses the Net.
4:19 of 3rd period - Icing by Nick Cicek.
4:20 of 3rd period - Ben King wins face-off versus Georgii Merkulov in Eagles zone.
4:32 of 3rd period - Off-side.
4:33 of 3rd period - Mark Kastelic wins face-off versus Jack Studnicka in neutral zone.
5:10 of 3rd period - Rafael Harvey Pinard is hit by Emil Lilleberg and loses puck.
5:35 of 3rd period - Icing by Parker Wotherspoon.
5:36 of 3rd period - Marco Kasper wins face-off versus Thomas Bordeleau in Devils zone.
6:46 of 3rd period - Icing by Alec Regula.
6:47 of 3rd period - Ben King wins face-off versus Georgii Merkulov in Devils zone.
6:47 of 3rd period - Ben King is hit by Arshdeep Bains.
7:05 of 3rd period - Shot by Rafael Harvey Pinard.
7:05 of 3rd period - Shot Misses the Net.
7:30 of 3rd period - Icing by Santeri Hatakka.
7:31 of 3rd period - Jack Studnicka wins face-off versus Mark Kastelic in Devils zone.
7:41 of 3rd period - Simon Edvinsson is hit by Mark Kastelic and loses puck.
8:19 of 3rd period - Icing by Simon Edvinsson.
8:20 of 3rd period - Ben King wins face-off versus Jack Studnicka in Eagles zone.
8:21 of 3rd period - Shot by Adam Klapka.
8:21 of 3rd period - Stopped by Magnus Chrona with a rebound.
8:23 of 3rd period - Shot by Adam Klapka.
8:23 of 3rd period - Stopped by Magnus Chrona with a rebound.
8:25 of 3rd period - Shot by Adam Klapka.
8:25 of 3rd period - Stopped by Magnus Chrona without a rebound.
8:26 of 3rd period - Ben King wins face-off versus Thomas Bordeleau in Eagles zone.
9:05 of 3rd period - Shot by Ross Johnston.
9:05 of 3rd period - Shot Misses the Net.
9:31 of 3rd period - Icing by Lucas Johansen.
9:32 of 3rd period - Mark Kastelic wins face-off versus Georgii Merkulov in Eagles zone.
9:51 of 3rd period - Shot by Rafael Harvey Pinard.
9:51 of 3rd period - Goal by Rafael Harvey Pinard - Devils : 1 - Eagles : 2.
9:52 of 3rd period - Jack Studnicka wins face-off versus Marco Kasper in neutral zone.
9:52 of 3rd period - Jack Studnicka is hit by Marco Kasper.
10:00 of 3rd period - Shot by Rasmus Asplund.
10:00 of 3rd period - Shot Misses the Net.
10:05 of 3rd period - Marco Kasper is hit by Simon Edvinsson.
10:22 of 3rd period - Pavol Regenda is hit by Simon Edvinsson and loses puck.
10:44 of 3rd period - Mark Kastelic is hit by Simon Edvinsson.
10:56 of 3rd period - Shot by Rafael Harvey Pinard.
10:56 of 3rd period - Stopped by Magnus Chrona without a rebound.
10:57 of 3rd period - Thomas Bordeleau wins face-off versus Ben King in Eagles zone.
11:17 of 3rd period - Shot by Ross Johnston.
11:17 of 3rd period - Stopped by Louis Domingue without a rebound.
11:18 of 3rd period - Mark Kastelic wins face-off versus Arshdeep Bains in Devils zone.
11:18 of 3rd period - Mark Kastelic is hit by Georgii Merkulov.
11:40 of 3rd period - Shot by Garrett Pilon.
11:40 of 3rd period - Stopped by Magnus Chrona without a rebound.
11:41 of 3rd period - Thomas Bordeleau wins face-off versus Marco Kasper in Eagles zone.
12:32 of 3rd period - Shot by Danila Klimovich.
12:32 of 3rd period - Stopped by Louis Domingue without a rebound.
12:33 of 3rd period - Georgii Merkulov wins face-off versus Mark Kastelic in Devils zone.
12:50 of 3rd period - Shot by Arshdeep Bains.
12:50 of 3rd period - Stopped by Louis Domingue with a rebound.
13:04 of 3rd period - Shot by Rafael Harvey Pinard.
13:04 of 3rd period - Stopped by Magnus Chrona without a rebound.
13:05 of 3rd period - Jack Studnicka wins face-off versus Ben King in Eagles zone.
13:35 of 3rd period - Shot by Rasmus Asplund.
13:35 of 3rd period - Shot Blocked by Vincent Iorio.
13:37 of 3rd period - Shot by Mikael Pyyhtia.
13:37 of 3rd period - Deflect By Rasmus Asplund.
13:37 of 3rd period - Stopped by Louis Domingue without a rebound.
13:38 of 3rd period - Marco Kasper wins face-off versus Thomas Bordeleau in Devils zone.
14:08 of 3rd period - Icing by Calle Rosen.
14:09 of 3rd period - Thomas Bordeleau wins face-off versus Mark Kastelic in Eagles zone.
14:11 of 3rd period - Icing by Ross Johnston.
14:12 of 3rd period - Carl Grundstrom wins face-off versus Mark Kastelic in Eagles zone.
14:28 of 3rd period - Rafael Harvey Pinard is hit by Emil Lilleberg and loses puck.
15:06 of 3rd period - Minor Penalty to Thomas Bordeleau for Goalie Interference.
15:07 of 3rd period - Jack Studnicka wins face-off versus Marco Kasper in Eagles zone.
15:07 of 3rd period - Simon Edvinsson is hit by Carter Mazur and loses puck.
15:41 of 3rd period - Off-side.
15:42 of 3rd period - Garrett Pilon wins face-off versus Carl Grundstrom in neutral zone.
16:11 of 3rd period - Icing by Rafael Harvey Pinard.
16:12 of 3rd period - Mark Kastelic wins face-off versus Carl Grundstrom in Devils zone.
16:12 of 3rd period - Mark Kastelic is hit by Ross Johnston.
17:31 of 3rd period - Shot by Georgii Merkulov.
17:31 of 3rd period - Shot Blocked by Alec Regula.
18:03 of 3rd period - Icing by Dmitri Samorukov.
18:04 of 3rd period - Jack Studnicka wins face-off versus Caedan Bankier in Eagles zone.
18:19 of 3rd period - Shot by Mikael Pyyhtia.
18:19 of 3rd period - Stopped by Louis Domingue without a rebound.
18:20 of 3rd period - Ross Johnston wins face-off versus Mark Kastelic in Devils zone.
18:57 of 3rd period - Shot by Garrett Pilon.
18:57 of 3rd period - Shot Misses the Net.
18:59 of 3rd period - Shot by Rafael Harvey Pinard.
18:59 of 3rd period - Shot Misses the Net.
19:23 of 3rd period - Devils, Louis Domingue is pulled from the net.
19:24 of 3rd period - Michael Kesselring is hit by Joseph Duszak and loses puck.
19:38 of 3rd period - Caedan Bankier is hit by Joseph Duszak and loses puck.
Goals for this period are 1 for Devils vs 0 for Eagles.
Shots for this period are 7 for Devils vs 6 for Eagles.